 Dungeon Crawl Stone Soup version 0.31.0-11-ge490571c62 (webtiles) character file.

Game seed: 6138506886750473112

389 qw the Skirmisher (level 6, -2/35 HPs)
             Began as a Deep Elf Hunter on Feb 3, 2024.
             Slain by a goblin
             ... wielding a +0 club
             ... led by Robin
              (3 damage)
             ... on level 3 of the Dungeon.
             The game lasted 00:00:30 (2382 turns).

qw the Skirmisher (Deep Elf Hunter)                 Turns: 2382, Time: 00:00:30

Health: -2/35      AC:  5    Str: 10    XL:     6   Next: 50%
Magic:  8/8        EV: 11    Int: 14    God:
Gold:   162        SH:  0    Dex: 18    Spells: 5/5 levels left

rFire   . . .        a - +0 shortbow
rCold   . . .        (shield currently unavailable)
rNeg    . . .        e - +0 ring mail
rPois   .            (no helmet)
rElec   .            (no cloak)
rCorr   .            (no gloves)
SInv    .            (no boots)
Will    .....        (no amulet)
Stlth   +            (no ring)
HPRegen 0.25/turn    (no ring)
MPRegen 0.11/turn

%: no passive effects
@: no status effects
A: no striking features
a: no special abilities


You were on level 3 of the Dungeon.
You visited 1 branch of the dungeon, and saw 4 of its levels.

You collected 162 gold pieces.


   Skills:
 - Level 2.1 Fighting
 - Level 10.0 Ranged Weapons
 + Level 2.6 Dodging
 - Level 1.2 Stealth


You had 5 spell levels left.
You didn't know any spells.
Your spell library was empty.

Inventory:

Hand Weapons
 a - a +0 shortbow (weapon)
Armour
 e - a +0 ring mail (worn)
Potions
 c - a potion of mutation
 d - a potion of might {unknown}
 f - a potion of enlightenment {unknown}
 h - a potion of curing {unknown}

Dungeon Overview and Level Annotations

Branches:
Dungeon (4/15)
 Temple: D:4-7

Altars:
Gozag
Kikubaaqudgha
Uskayaw
Wu Jian
Xom


Message History

The hobgoblin misses you. The goblin closely misses you.
The goblin hits you with a +0 club.
You shoot an arrow. The arrow hits the goblin!
You kill the goblin!
The goblin hits you but does no damage. The hobgoblin barely misses you.
The goblin hits you with a +0 dagger of speed.
You shoot an arrow. The arrow closely misses the hobgoblin.
The goblin hits you but does no damage. Robin throws the goblin at you!
The hobgoblin hits you but does no damage.
The hobgoblin barely misses you. The goblin hits you with a +0 club.
You shoot an arrow. The arrow closely misses the goblin.
The goblin misses you. The goblin closely misses you.
The hobgoblin hits you but does no damage.
The hobgoblin hits you. The goblin closely misses you.
You shoot an arrow.
The arrow hits Robin but does no damage.
The hobgoblin barely misses you.
An endoplasm comes into view.
The goblin hits you but does no damage. Robin misses you.
The hobgoblin misses you. The goblin barely misses you. x2
You shoot an arrow. The endoplasm quivers.
The arrow hits Robin.
Robin is lightly wounded.
The hobgoblin hits you. Robin throws the goblin at you!
The hobgoblin barely misses you. The goblin hits you with a +0 club.
The goblin hits you but does no damage.
You shoot an arrow. The arrow hits Robin!
Robin is severely wounded.
The goblin misses you. The hobgoblin barely misses you.
Robin barely misses you.
The hobgoblin closely misses you. x2; The goblin hits you but does no damage.
The goblin closely misses you.
You shoot an arrow. The arrow hits Robin!
You kill Robin!
The goblin hits you with a +0 club. The hobgoblin closely misses you.
The hobgoblin hits you. The hobgoblin barely misses you.
The goblin hits you but does no damage. The goblin barely misses you.
You shoot an arrow. The arrow barely misses the goblin.
The hobgoblin hits you. The goblin hits you with a +0 club.
You die...

.....####..## #
####........(.### #
#.......8....>..## #
#.#...8...8....).# ##
.#............###.## #.
.)._..8J..).8......##
#.
#.)...w.......##...###.
#.#.)g8...8...####...#.
#....g@g8....## ###.#.
####.ggg.)....# #.#.
####..####..# #.#. ##.#
#..####... #.#
#.......# ... #######.#
##.# #.# .. #.# .. #.#


You could see a ribbon worm, an endoplasm, 4 hobgoblins and 2 goblins.

Vanquished Creatures
  4 crimson imps (D:4)
  A hound (D:4)
  A jelly (D:4)
  An iguana (D:3)
  Terence (D:2)
  Robin (D:3)
  3 gnolls (D:4)
  2 adders (D:2)
  3 ribbon worms
  3 dart slugs (D:2)
  4 ball pythons
  3 endoplasms
  3 giant cockroaches
  17 goblins
  5 hobgoblins
  8 kobolds
  3 quokkas
  5 bats
  3 frilled lizards
  6 rats
77 creatures vanquished.

Notes
Turn   | Place    | Note
-------+----------+-------------------------------------------
     0 | D:1      | qw the Deep Elf Hunter began the quest for the Orb.
     0 | D:1      | Reached XP level 1. HP: 12/12 MP: 3/3
     0 | D:1      | 0 ||| qw: Version: 0.3-a-157-g843a77d
     0 | D:1      | 0 ||| qw: Game counter: 3579
     0 | D:1      | 0 ||| qw: Melee chars always use a shield: true
     0 | D:1      | 0 ||| qw: God list: Okawaru
     0 | D:1      | 0 ||| qw: Allow faded altars: false
     0 | D:1      | 0 ||| qw: Do Orc after clearing Dungeon:15 true
     0 | D:1      | 0 ||| qw: Do second Lair branch before Depths: true
     0 | D:1      | 0 ||| qw: Lair rune preference: random
     0 | D:1      | 0 ||| qw: Goals: Normal
     0 | D:1      | 0 ||| PLANNING D:1-11
    63 | D:1      | Reached XP level 2. HP: 16/16 MP: 4/4
    88 | D:1      | Reached skill level 6 in Ranged Weapons
   568 | D:1      | 568 ||| UPGRADING to +0 ring mail.
   578 | D:1      | 578 ||| DROPPING +0 leather armour.
   579 | D:1      | 579 ||| DROPPING amulet of magic regeneration.
   580 | D:1      | 580 ||| DROPPING scroll of butterflies.
   716 | D:2      | Reached XP level 3. HP: 20/20 MP: 5/5
   743 | D:2      | Reached skill level 7 in Ranged Weapons
   760 | D:2      | Noticed Terence
   766 | D:2      | Killed Terence
   767 | D:2      | Reached XP level 4. HP: 21/25 MP: 6/6
   824 | D:2      | You fall into a shaft and drop 2 floors!
   828 | D:4      | Found an opulent altar of Gozag.
   829 | D:4      | 829 ||| PLANNING SEWER
   865 | D:4      | Reached skill level 8 in Ranged Weapons
   891 | D:4      | Found an ornate altar of the Wu Jian Council.
  1008 | D:4      | Found a glowing drain.
  1013 | D:4      | 1013 ||| READING scroll labelled ASOF WONOUBBAI.
  1014 | D:4      | 1014 ||| READING scroll labelled OMAADO BYAHEDU.
  1017 | D:4      | 1017 ||| READING 2 scrolls labelled HOC XOMEIMAM.
  1018 | D:4      | 1018 ||| DROPPING scroll of fear.
  1019 | D:4      | 1019 ||| Stepping randomly (stuck).
  1020 | D:4      | 1020 ||| Stepping randomly (stuck).
  1021 | D:4      | 1021 ||| Stepping randomly (stuck).
  1022 | D:4      | 1022 ||| Stepping randomly (stuck).
  1023 | D:4      | 1023 ||| Stepping randomly (stuck).
  1024 | D:4      | 1024 ||| Stepping randomly (stuck).
  1025 | D:4      | 1025 ||| Stepping randomly (stuck).
  1026 | D:4      | 1026 ||| Stepping randomly (stuck).
  1027 | D:4      | 1027 ||| Stepping randomly (stuck).
  1028 | D:4      | 1028 ||| Stepping randomly (stuck).
  1029 | D:4      | 1029 ||| Stepping randomly (stuck).
  1030 | D:4      | 1030 ||| Stepping randomly (stuck).
  1031 | D:4      | 1031 ||| Stepping randomly (stuck).
  1032 | D:4      | 1032 ||| Stepping randomly (stuck).
  1033 | D:4      | 1033 ||| Stepping randomly (stuck).
  1034 | D:4      | 1034 ||| Stepping randomly (stuck).
  1035 | D:4      | 1035 ||| Stepping randomly (stuck).
  1036 | D:4      | 1036 ||| Stepping randomly (stuck).
  1037 | D:4      | 1037 ||| Stepping randomly (stuck).
  1038 | D:4      | 1038 ||| Stepping randomly (stuck).
  1039 | D:4      | 1039 ||| Stepping randomly (stuck).
  1040 | D:4      | 1040 ||| Stepping randomly (stuck).
  1041 | D:4      | 1041 ||| Stepping randomly (stuck).
  1042 | D:4      | 1042 ||| Stepping randomly (stuck).
  1043 | D:4      | 1043 ||| Stepping randomly (stuck).
  1044 | D:4      | 1044 ||| Stepping randomly (stuck).
  1045 | D:4      | 1045 ||| Stepping randomly (stuck).
  1046 | D:4      | 1046 ||| Stepping randomly (stuck).
  1047 | D:4      | 1047 ||| Stepping randomly (stuck).
  1048 | D:4      | 1048 ||| Stepping randomly (stuck).
  1049 | D:4      | 1049 ||| Stepping randomly (stuck).
  1050 | D:4      | 1050 ||| Stepping randomly (stuck).
  1051 | D:4      | 1051 ||| Stepping randomly (stuck).
  1052 | D:4      | 1052 ||| Stepping randomly (stuck).
  1053 | D:4      | 1053 ||| Stepping randomly (stuck).
  1054 | D:4      | 1054 ||| Stepping randomly (stuck).
  1055 | D:4      | 1055 ||| Stepping randomly (stuck).
  1056 | D:4      | 1056 ||| Stepping randomly (stuck).
  1057 | D:4      | 1057 ||| Stepping randomly (stuck).
  1058 | D:4      | 1058 ||| Stepping randomly (stuck).
  1059 | D:4      | 1059 ||| Stepping randomly (stuck).
  1060 | D:4      | 1060 ||| Stepping randomly (stuck).
  1061 | D:4      | 1061 ||| Stepping randomly (stuck).
  1062 | D:4      | 1062 ||| Stepping randomly (stuck).
  1063 | D:4      | 1063 ||| Stepping randomly (stuck).
  1064 | D:4      | 1064 ||| Stepping randomly (stuck).
  1065 | D:4      | 1065 ||| Stepping randomly (stuck).
  1066 | D:4      | 1066 ||| Stepping randomly (stuck).
  1067 | D:4      | 1067 ||| Stepping randomly (stuck).
  1068 | D:4      | 1068 ||| Stepping randomly (stuck).
  1069 | D:4      | 1069 ||| Stepping randomly (stuck).
  1070 | D:4      | 1070 ||| Stepping randomly (stuck).
  1071 | D:4      | 1071 ||| Stepping randomly (stuck).
  1072 | D:4      | 1072 ||| Stepping randomly (stuck).
  1073 | D:4      | 1073 ||| Stepping randomly (stuck).
  1074 | D:4      | 1074 ||| Stepping randomly (stuck).
  1075 | D:4      | 1075 ||| Stepping randomly (stuck).
  1076 | D:4      | 1076 ||| Stepping randomly (stuck).
  1077 | D:4      | 1077 ||| Stepping randomly (stuck).
  1078 | D:4      | 1078 ||| Stepping randomly (stuck).
  1079 | D:4      | 1079 ||| Stepping randomly (stuck).
  1080 | D:4      | 1080 ||| Stepping randomly (stuck).
  1081 | D:4      | 1081 ||| Stepping randomly (stuck).
  1082 | D:4      | 1082 ||| Stepping randomly (stuck).
  1083 | D:4      | 1083 ||| Stepping randomly (stuck).
  1084 | D:4      | 1084 ||| Stepping randomly (stuck).
  1085 | D:4      | 1085 ||| Stepping randomly (stuck).
  1086 | D:4      | 1086 ||| Stepping randomly (stuck).
  1087 | D:4      | 1087 ||| Stepping randomly (stuck).
  1088 | D:4      | 1088 ||| Stepping randomly (stuck).
  1089 | D:4      | 1089 ||| Stepping randomly (stuck).
  1090 | D:4      | 1090 ||| Stepping randomly (stuck).
  1091 | D:4      | 1091 ||| Stepping randomly (stuck).
  1092 | D:4      | 1092 ||| Stepping randomly (stuck).
  1093 | D:4      | 1093 ||| Stepping randomly (stuck).
  1094 | D:4      | 1094 ||| Stepping randomly (stuck).
  1095 | D:4      | 1095 ||| Stepping randomly (stuck).
  1096 | D:4      | 1096 ||| Stepping randomly (stuck).
  1097 | D:4      | 1097 ||| Stepping randomly (stuck).
  1098 | D:4      | 1098 ||| Stepping randomly (stuck).
  1099 | D:4      | 1099 ||| Stepping randomly (stuck).
  1100 | D:4      | 1100 ||| Stepping randomly (stuck).
  1101 | D:4      | 1101 ||| Stepping randomly (stuck).
  1102 | D:4      | 1102 ||| Stepping randomly (stuck).
  1103 | D:4      | 1103 ||| Stepping randomly (stuck).
  1104 | D:4      | 1104 ||| Stepping randomly (stuck).
  1105 | D:4      | 1105 ||| Stepping randomly (stuck).
  1106 | D:4      | 1106 ||| Stepping randomly (stuck).
  1107 | D:4      | 1107 ||| Stepping randomly (stuck).
  1108 | D:4      | 1108 ||| Stepping randomly (stuck).
  1109 | D:4      | 1109 ||| Stepping randomly (stuck).
  1110 | D:4      | 1110 ||| Stepping randomly (stuck).
  1111 | D:4      | 1111 ||| Stepping randomly (stuck).
  1112 | D:4      | 1112 ||| Stepping randomly (stuck).
  1113 | D:4      | 1113 ||| Stepping randomly (stuck).
  1114 | D:4      | 1114 ||| Stepping randomly (stuck).
  1115 | D:4      | 1115 ||| Stepping randomly (stuck).
  1116 | D:4      | 1116 ||| Stepping randomly (stuck).
  1117 | D:4      | 1117 ||| Stepping randomly (stuck).
  1118 | D:4      | 1118 ||| Stepping randomly (stuck).
  1119 | D:4      | 1119 ||| Stepping randomly (stuck).
  1120 | D:4      | 1120 ||| Stepping randomly (stuck).
  1121 | D:4      | 1121 ||| Stepping randomly (stuck).
  1122 | D:4      | 1122 ||| Stepping randomly (stuck).
  1123 | D:4      | 1123 ||| Stepping randomly (stuck).
  1124 | D:4      | 1124 ||| Stepping randomly (stuck).
  1125 | D:4      | 1125 ||| Stepping randomly (stuck).
  1126 | D:4      | 1126 ||| Stepping randomly (stuck).
  1127 | D:4      | 1127 ||| Stepping randomly (stuck).
  1128 | D:4      | 1128 ||| Stepping randomly (stuck).
  1129 | D:4      | 1129 ||| Stepping randomly (stuck).
  1130 | D:4      | 1130 ||| Stepping randomly (stuck).
  1131 | D:4      | 1131 ||| Stepping randomly (stuck).
  1132 | D:4      | 1132 ||| Stepping randomly (stuck).
  1133 | D:4      | 1133 ||| Stepping randomly (stuck).
  1134 | D:4      | 1134 ||| Stepping randomly (stuck).
  1135 | D:4      | 1135 ||| Stepping randomly (stuck).
  1136 | D:4      | 1136 ||| Stepping randomly (stuck).
  1137 | D:4      | 1137 ||| Stepping randomly (stuck).
  1138 | D:4      | 1138 ||| Stepping randomly (stuck).
  1139 | D:4      | 1139 ||| Stepping randomly (stuck).
  1140 | D:4      | 1140 ||| Stepping randomly (stuck).
  1141 | D:4      | 1141 ||| Stepping randomly (stuck).
  1142 | D:4      | 1142 ||| Stepping randomly (stuck).
  1143 | D:4      | 1143 ||| Stepping randomly (stuck).
  1144 | D:4      | 1144 ||| Stepping randomly (stuck).
  1145 | D:4      | 1145 ||| Stepping randomly (stuck).
  1146 | D:4      | 1146 ||| Stepping randomly (stuck).
  1147 | D:4      | 1147 ||| Stepping randomly (stuck).
  1148 | D:4      | 1148 ||| Stepping randomly (stuck).
  1149 | D:4      | 1149 ||| Stepping randomly (stuck).
  1150 | D:4      | 1150 ||| Stepping randomly (stuck).
  1151 | D:4      | 1151 ||| Stepping randomly (stuck).
  1152 | D:4      | 1152 ||| Stepping randomly (stuck).
  1153 | D:4      | 1153 ||| Stepping randomly (stuck).
  1154 | D:4      | 1154 ||| Stepping randomly (stuck).
  1155 | D:4      | 1155 ||| Stepping randomly (stuck).
  1156 | D:4      | 1156 ||| Stepping randomly (stuck).
  1157 | D:4      | 1157 ||| Stepping randomly (stuck).
  1158 | D:4      | 1158 ||| Stepping randomly (stuck).
  1159 | D:4      | 1159 ||| Stepping randomly (stuck).
  1160 | D:4      | 1160 ||| Stepping randomly (stuck).
  1161 | D:4      | 1161 ||| Stepping randomly (stuck).
  1162 | D:4      | 1162 ||| Stepping randomly (stuck).
  1163 | D:4      | 1163 ||| Stepping randomly (stuck).
  1164 | D:4      | 1164 ||| Stepping randomly (stuck).
  1165 | D:4      | 1165 ||| Stepping randomly (stuck).
  1166 | D:4      | 1166 ||| Stepping randomly (stuck).
  1167 | D:4      | 1167 ||| Stepping randomly (stuck).
  1168 | D:4      | 1168 ||| Stepping randomly (stuck).
  1169 | D:4      | 1169 ||| Stepping randomly (stuck).
  1170 | D:4      | 1170 ||| Stepping randomly (stuck).
  1171 | D:4      | 1171 ||| Stepping randomly (stuck).
  1172 | D:4      | 1172 ||| Stepping randomly (stuck).
  1173 | D:4      | 1173 ||| Stepping randomly (stuck).
  1174 | D:4      | 1174 ||| Stepping randomly (stuck).
  1175 | D:4      | 1175 ||| Stepping randomly (stuck).
  1176 | D:4      | 1176 ||| Stepping randomly (stuck).
  1177 | D:4      | 1177 ||| Stepping randomly (stuck).
  1178 | D:4      | 1178 ||| Stepping randomly (stuck).
  1179 | D:4      | 1179 ||| Stepping randomly (stuck).
  1180 | D:4      | 1180 ||| Stepping randomly (stuck).
  1181 | D:4      | 1181 ||| Stepping randomly (stuck).
  1182 | D:4      | 1182 ||| Stepping randomly (stuck).
  1183 | D:4      | 1183 ||| Stepping randomly (stuck).
  1184 | D:4      | 1184 ||| Stepping randomly (stuck).
  1185 | D:4      | 1185 ||| Stepping randomly (stuck).
  1186 | D:4      | 1186 ||| Stepping randomly (stuck).
  1187 | D:4      | 1187 ||| Stepping randomly (stuck).
  1188 | D:4      | 1188 ||| Stepping randomly (stuck).
  1189 | D:4      | 1189 ||| Stepping randomly (stuck).
  1190 | D:4      | 1190 ||| Stepping randomly (stuck).
  1191 | D:4      | 1191 ||| Stepping randomly (stuck).
  1192 | D:4      | 1192 ||| Stepping randomly (stuck).
  1193 | D:4      | 1193 ||| Stepping randomly (stuck).
  1194 | D:4      | 1194 ||| Stepping randomly (stuck).
  1195 | D:4      | 1195 ||| Stepping randomly (stuck).
  1196 | D:4      | 1196 ||| Stepping randomly (stuck).
  1197 | D:4      | 1197 ||| Stepping randomly (stuck).
  1198 | D:4      | 1198 ||| Stepping randomly (stuck).
  1199 | D:4      | 1199 ||| Stepping randomly (stuck).
  1200 | D:4      | 1200 ||| Stepping randomly (stuck).
  1201 | D:4      | 1201 ||| Stepping randomly (stuck).
  1202 | D:4      | 1202 ||| Stepping randomly (stuck).
  1203 | D:4      | 1203 ||| Stepping randomly (stuck).
  1204 | D:4      | 1204 ||| Stepping randomly (stuck).
  1205 | D:4      | 1205 ||| Stepping randomly (stuck).
  1206 | D:4      | 1206 ||| Stepping randomly (stuck).
  1207 | D:4      | 1207 ||| Stepping randomly (stuck).
  1208 | D:4      | 1208 ||| Stepping randomly (stuck).
  1209 | D:4      | 1209 ||| Stepping randomly (stuck).
  1210 | D:4      | 1210 ||| Stepping randomly (stuck).
  1211 | D:4      | 1211 ||| Stepping randomly (stuck).
  1212 | D:4      | 1212 ||| Stepping randomly (stuck).
  1213 | D:4      | 1213 ||| Stepping randomly (stuck).
  1214 | D:4      | 1214 ||| Stepping randomly (stuck).
  1215 | D:4      | 1215 ||| Stepping randomly (stuck).
  1216 | D:4      | 1216 ||| Stepping randomly (stuck).
  1217 | D:4      | 1217 ||| Stepping randomly (stuck).
  1218 | D:4      | 1218 ||| Stepping randomly (stuck).
  1219 | D:4      | 1219 ||| Stepping randomly (stuck).
  1220 | D:4      | 1220 ||| Stepping randomly (stuck).
  1221 | D:4      | 1221 ||| Stepping randomly (stuck).
  1222 | D:4      | 1222 ||| Stepping randomly (stuck).
  1223 | D:4      | 1223 ||| Stepping randomly (stuck).
  1224 | D:4      | 1224 ||| Stepping randomly (stuck).
  1225 | D:4      | 1225 ||| Stepping randomly (stuck).
  1226 | D:4      | 1226 ||| Stepping randomly (stuck).
  1227 | D:4      | 1227 ||| Stepping randomly (stuck).
  1228 | D:4      | 1228 ||| Stepping randomly (stuck).
  1229 | D:4      | 1229 ||| Stepping randomly (stuck).
  1230 | D:4      | 1230 ||| Stepping randomly (stuck).
  1231 | D:4      | 1231 ||| Stepping randomly (stuck).
  1232 | D:4      | 1232 ||| Stepping randomly (stuck).
  1233 | D:4      | 1233 ||| Stepping randomly (stuck).
  1234 | D:4      | 1234 ||| Stepping randomly (stuck).
  1235 | D:4      | 1235 ||| Stepping randomly (stuck).
  1236 | D:4      | 1236 ||| Stepping randomly (stuck).
  1237 | D:4      | 1237 ||| Stepping randomly (stuck).
  1238 | D:4      | 1238 ||| Stepping randomly (stuck).
  1239 | D:4      | 1239 ||| Stepping randomly (stuck).
  1240 | D:4      | 1240 ||| Stepping randomly (stuck).
  1241 | D:4      | 1241 ||| Stepping randomly (stuck).
  1242 | D:4      | 1242 ||| Stepping randomly (stuck).
  1243 | D:4      | 1243 ||| Stepping randomly (stuck).
  1244 | D:4      | 1244 ||| Stepping randomly (stuck).
  1245 | D:4      | 1245 ||| Stepping randomly (stuck).
  1246 | D:4      | 1246 ||| Stepping randomly (stuck).
  1247 | D:4      | 1247 ||| Stepping randomly (stuck).
  1248 | D:4      | 1248 ||| Stepping randomly (stuck).
  1249 | D:4      | 1249 ||| Stepping randomly (stuck).
  1250 | D:4      | 1250 ||| Stepping randomly (stuck).
  1251 | D:4      | 1251 ||| Stepping randomly (stuck).
  1252 | D:4      | 1252 ||| Stepping randomly (stuck).
  1253 | D:4      | 1253 ||| Stepping randomly (stuck).
  1254 | D:4      | 1254 ||| Stepping randomly (stuck).
  1255 | D:4      | 1255 ||| Stepping randomly (stuck).
  1256 | D:4      | 1256 ||| Stepping randomly (stuck).
  1257 | D:4      | 1257 ||| Stepping randomly (stuck).
  1258 | D:4      | 1258 ||| Stepping randomly (stuck).
  1259 | D:4      | 1259 ||| Stepping randomly (stuck).
  1260 | D:4      | 1260 ||| Stepping randomly (stuck).
  1261 | D:4      | 1261 ||| Stepping randomly (stuck).
  1262 | D:4      | 1262 ||| Stepping randomly (stuck).
  1263 | D:4      | 1263 ||| Stepping randomly (stuck).
  1264 | D:4      | 1264 ||| Stepping randomly (stuck).
  1265 | D:4      | 1265 ||| Stepping randomly (stuck).
  1266 | D:4      | 1266 ||| Stepping randomly (stuck).
  1267 | D:4      | 1267 ||| Stepping randomly (stuck).
  1268 | D:4      | 1268 ||| Stepping randomly (stuck).
  1269 | D:4      | 1269 ||| Stepping randomly (stuck).
  1270 | D:4      | 1270 ||| Stepping randomly (stuck).
  1271 | D:4      | 1271 ||| Stepping randomly (stuck).
  1272 | D:4      | 1272 ||| Stepping randomly (stuck).
  1273 | D:4      | 1273 ||| Stepping randomly (stuck).
  1274 | D:4      | 1274 ||| Stepping randomly (stuck).
  1275 | D:4      | 1275 ||| Stepping randomly (stuck).
  1276 | D:4      | 1276 ||| Stepping randomly (stuck).
  1277 | D:4      | 1277 ||| Stepping randomly (stuck).
  1278 | D:4      | 1278 ||| Stepping randomly (stuck).
  1279 | D:4      | 1279 ||| Stepping randomly (stuck).
  1280 | D:4      | 1280 ||| Stepping randomly (stuck).
  1281 | D:4      | 1281 ||| Stepping randomly (stuck).
  1282 | D:4      | 1282 ||| Stepping randomly (stuck).
  1283 | D:4      | 1283 ||| Stepping randomly (stuck).
  1284 | D:4      | 1284 ||| Stepping randomly (stuck).
  1285 | D:4      | 1285 ||| Stepping randomly (stuck).
  1286 | D:4      | 1286 ||| Stepping randomly (stuck).
  1287 | D:4      | 1287 ||| Stepping randomly (stuck).
  1288 | D:4      | 1288 ||| Stepping randomly (stuck).
  1289 | D:4      | 1289 ||| Stepping randomly (stuck).
  1290 | D:4      | 1290 ||| Stepping randomly (stuck).
  1291 | D:4      | 1291 ||| Stepping randomly (stuck).
  1292 | D:4      | 1292 ||| Stepping randomly (stuck).
  1293 | D:4      | 1293 ||| Stepping randomly (stuck).
  1294 | D:4      | 1294 ||| Stepping randomly (stuck).
  1295 | D:4      | 1295 ||| Stepping randomly (stuck).
  1296 | D:4      | 1296 ||| Stepping randomly (stuck).
  1297 | D:4      | 1297 ||| Stepping randomly (stuck).
  1298 | D:4      | 1298 ||| Stepping randomly (stuck).
  1299 | D:4      | 1299 ||| Stepping randomly (stuck).
  1300 | D:4      | 1300 ||| Stepping randomly (stuck).
  1301 | D:4      | 1301 ||| Stepping randomly (stuck).
  1302 | D:4      | 1302 ||| Stepping randomly (stuck).
  1303 | D:4      | 1303 ||| Stepping randomly (stuck).
  1304 | D:4      | 1304 ||| Stepping randomly (stuck).
  1305 | D:4      | 1305 ||| Stepping randomly (stuck).
  1306 | D:4      | 1306 ||| Stepping randomly (stuck).
  1307 | D:4      | 1307 ||| Stepping randomly (stuck).
  1308 | D:4      | 1308 ||| Stepping randomly (stuck).
  1309 | D:4      | 1309 ||| Stepping randomly (stuck).
  1310 | D:4      | 1310 ||| Stepping randomly (stuck).
  1311 | D:4      | 1311 ||| Stepping randomly (stuck).
  1312 | D:4      | 1312 ||| Stepping randomly (stuck).
  1313 | D:4      | 1313 ||| Stepping randomly (stuck).
  1314 | D:4      | 1314 ||| Stepping randomly (stuck).
  1315 | D:4      | 1315 ||| Stepping randomly (stuck).
  1316 | D:4      | 1316 ||| Stepping randomly (stuck).
  1317 | D:4      | 1317 ||| Stepping randomly (stuck).
  1318 | D:4      | 1318 ||| Stepping randomly (stuck).
  1319 | D:4      | 1319 ||| Stepping randomly (stuck).
  1320 | D:4      | 1320 ||| Stepping randomly (stuck).
  1321 | D:4      | 1321 ||| Stepping randomly (stuck).
  1322 | D:4      | 1322 ||| Stepping randomly (stuck).
  1323 | D:4      | 1323 ||| Stepping randomly (stuck).
  1324 | D:4      | 1324 ||| Stepping randomly (stuck).
  1325 | D:4      | 1325 ||| Stepping randomly (stuck).
  1326 | D:4      | 1326 ||| Stepping randomly (stuck).
  1327 | D:4      | 1327 ||| Stepping randomly (stuck).
  1328 | D:4      | 1328 ||| Stepping randomly (stuck).
  1329 | D:4      | 1329 ||| Stepping randomly (stuck).
  1330 | D:4      | 1330 ||| Stepping randomly (stuck).
  1331 | D:4      | 1331 ||| Stepping randomly (stuck).
  1332 | D:4      | 1332 ||| Stepping randomly (stuck).
  1333 | D:4      | 1333 ||| Stepping randomly (stuck).
  1334 | D:4      | 1334 ||| Stepping randomly (stuck).
  1335 | D:4      | 1335 ||| Stepping randomly (stuck).
  1336 | D:4      | 1336 ||| Stepping randomly (stuck).
  1337 | D:4      | 1337 ||| Stepping randomly (stuck).
  1338 | D:4      | 1338 ||| Stepping randomly (stuck).
  1339 | D:4      | 1339 ||| Stepping randomly (stuck).
  1340 | D:4      | 1340 ||| Stepping randomly (stuck).
  1341 | D:4      | 1341 ||| Stepping randomly (stuck).
  1342 | D:4      | 1342 ||| Stepping randomly (stuck).
  1343 | D:4      | 1343 ||| Stepping randomly (stuck).
  1344 | D:4      | 1344 ||| Stepping randomly (stuck).
  1345 | D:4      | 1345 ||| Stepping randomly (stuck).
  1346 | D:4      | 1346 ||| Stepping randomly (stuck).
  1347 | D:4      | 1347 ||| Stepping randomly (stuck).
  1348 | D:4      | 1348 ||| Stepping randomly (stuck).
  1349 | D:4      | 1349 ||| Stepping randomly (stuck).
  1350 | D:4      | 1350 ||| Stepping randomly (stuck).
  1351 | D:4      | 1351 ||| Stepping randomly (stuck).
  1352 | D:4      | 1352 ||| Stepping randomly (stuck).
  1353 | D:4      | 1353 ||| Stepping randomly (stuck).
  1354 | D:4      | 1354 ||| Stepping randomly (stuck).
  1355 | D:4      | 1355 ||| Stepping randomly (stuck).
  1356 | D:4      | 1356 ||| Stepping randomly (stuck).
  1357 | D:4      | 1357 ||| Stepping randomly (stuck).
  1358 | D:4      | 1358 ||| Stepping randomly (stuck).
  1359 | D:4      | 1359 ||| Stepping randomly (stuck).
  1360 | D:4      | 1360 ||| Stepping randomly (stuck).
  1361 | D:4      | 1361 ||| Stepping randomly (stuck).
  1362 | D:4      | 1362 ||| Stepping randomly (stuck).
  1363 | D:4      | 1363 ||| Stepping randomly (stuck).
  1364 | D:4      | 1364 ||| Stepping randomly (stuck).
  1365 | D:4      | 1365 ||| Stepping randomly (stuck).
  1366 | D:4      | 1366 ||| Stepping randomly (stuck).
  1367 | D:4      | 1367 ||| Stepping randomly (stuck).
  1368 | D:4      | 1368 ||| Stepping randomly (stuck).
  1369 | D:4      | 1369 ||| Stepping randomly (stuck).
  1370 | D:4      | 1370 ||| Stepping randomly (stuck).
  1371 | D:4      | 1371 ||| Stepping randomly (stuck).
  1372 | D:4      | 1372 ||| Stepping randomly (stuck).
  1373 | D:4      | 1373 ||| Stepping randomly (stuck).
  1374 | D:4      | 1374 ||| Stepping randomly (stuck).
  1375 | D:4      | 1375 ||| Stepping randomly (stuck).
  1376 | D:4      | 1376 ||| Stepping randomly (stuck).
  1377 | D:4      | 1377 ||| Stepping randomly (stuck).
  1378 | D:4      | 1378 ||| Stepping randomly (stuck).
  1379 | D:4      | 1379 ||| Stepping randomly (stuck).
  1380 | D:4      | 1380 ||| Stepping randomly (stuck).
  1381 | D:4      | 1381 ||| Stepping randomly (stuck).
  1382 | D:4      | 1382 ||| Stepping randomly (stuck).
  1383 | D:4      | 1383 ||| Stepping randomly (stuck).
  1384 | D:4      | 1384 ||| Stepping randomly (stuck).
  1385 | D:4      | 1385 ||| Stepping randomly (stuck).
  1386 | D:4      | 1386 ||| Stepping randomly (stuck).
  1387 | D:4      | 1387 ||| Stepping randomly (stuck).
  1388 | D:4      | 1388 ||| Stepping randomly (stuck).
  1389 | D:4      | 1389 ||| Stepping randomly (stuck).
  1390 | D:4      | 1390 ||| Stepping randomly (stuck).
  1391 | D:4      | 1391 ||| Stepping randomly (stuck).
  1392 | D:4      | 1392 ||| Stepping randomly (stuck).
  1393 | D:4      | 1393 ||| Stepping randomly (stuck).
  1394 | D:4      | 1394 ||| Stepping randomly (stuck).
  1395 | D:4      | 1395 ||| Stepping randomly (stuck).
  1396 | D:4      | 1396 ||| Stepping randomly (stuck).
  1397 | D:4      | 1397 ||| Stepping randomly (stuck).
  1398 | D:4      | 1398 ||| Stepping randomly (stuck).
  1399 | D:4      | 1399 ||| Stepping randomly (stuck).
  1400 | D:4      | 1400 ||| Stepping randomly (stuck).
  1401 | D:4      | 1401 ||| Stepping randomly (stuck).
  1402 | D:4      | 1402 ||| Stepping randomly (stuck).
  1403 | D:4      | 1403 ||| Stepping randomly (stuck).
  1404 | D:4      | 1404 ||| Stepping randomly (stuck).
  1405 | D:4      | 1405 ||| Stepping randomly (stuck).
  1406 | D:4      | 1406 ||| Stepping randomly (stuck).
  1407 | D:4      | 1407 ||| Stepping randomly (stuck).
  1408 | D:4      | 1408 ||| Stepping randomly (stuck).
  1409 | D:4      | 1409 ||| Stepping randomly (stuck).
  1410 | D:4      | 1410 ||| Stepping randomly (stuck).
  1411 | D:4      | 1411 ||| Stepping randomly (stuck).
  1412 | D:4      | 1412 ||| Stepping randomly (stuck).
  1413 | D:4      | 1413 ||| Stepping randomly (stuck).
  1414 | D:4      | 1414 ||| Stepping randomly (stuck).
  1415 | D:4      | 1415 ||| Stepping randomly (stuck).
  1416 | D:4      | 1416 ||| Stepping randomly (stuck).
  1417 | D:4      | 1417 ||| Stepping randomly (stuck).
  1418 | D:4      | 1418 ||| Stepping randomly (stuck).
  1419 | D:4      | 1419 ||| Stepping randomly (stuck).
  1420 | D:4      | 1420 ||| Stepping randomly (stuck).
  1421 | D:4      | 1421 ||| Stepping randomly (stuck).
  1422 | D:4      | 1422 ||| Stepping randomly (stuck).
  1423 | D:4      | 1423 ||| Stepping randomly (stuck).
  1424 | D:4      | 1424 ||| Stepping randomly (stuck).
  1425 | D:4      | 1425 ||| Stepping randomly (stuck).
  1426 | D:4      | 1426 ||| Stepping randomly (stuck).
  1427 | D:4      | 1427 ||| Stepping randomly (stuck).
  1428 | D:4      | 1428 ||| Stepping randomly (stuck).
  1429 | D:4      | 1429 ||| Stepping randomly (stuck).
  1430 | D:4      | 1430 ||| Stepping randomly (stuck).
  1431 | D:4      | 1431 ||| Stepping randomly (stuck).
  1432 | D:4      | 1432 ||| Stepping randomly (stuck).
  1433 | D:4      | 1433 ||| Stepping randomly (stuck).
  1434 | D:4      | 1434 ||| Stepping randomly (stuck).
  1435 | D:4      | 1435 ||| Stepping randomly (stuck).
  1436 | D:4      | 1436 ||| Stepping randomly (stuck).
  1437 | D:4      | 1437 ||| Stepping randomly (stuck).
  1438 | D:4      | 1438 ||| Stepping randomly (stuck).
  1439 | D:4      | 1439 ||| Stepping randomly (stuck).
  1440 | D:4      | 1440 ||| Stepping randomly (stuck).
  1441 | D:4      | 1441 ||| Stepping randomly (stuck).
  1442 | D:4      | 1442 ||| Stepping randomly (stuck).
  1443 | D:4      | 1443 ||| Stepping randomly (stuck).
  1444 | D:4      | 1444 ||| Stepping randomly (stuck).
  1445 | D:4      | 1445 ||| Stepping randomly (stuck).
  1446 | D:4      | 1446 ||| Stepping randomly (stuck).
  1447 | D:4      | 1447 ||| Stepping randomly (stuck).
  1448 | D:4      | 1448 ||| Stepping randomly (stuck).
  1449 | D:4      | 1449 ||| Stepping randomly (stuck).
  1450 | D:4      | 1450 ||| Stepping randomly (stuck).
  1451 | D:4      | 1451 ||| Stepping randomly (stuck).
  1452 | D:4      | 1452 ||| Stepping randomly (stuck).
  1453 | D:4      | 1453 ||| Stepping randomly (stuck).
  1454 | D:4      | 1454 ||| Stepping randomly (stuck).
  1455 | D:4      | 1455 ||| Stepping randomly (stuck).
  1456 | D:4      | 1456 ||| Stepping randomly (stuck).
  1457 | D:4      | 1457 ||| Stepping randomly (stuck).
  1458 | D:4      | 1458 ||| Stepping randomly (stuck).
  1459 | D:4      | 1459 ||| Stepping randomly (stuck).
  1460 | D:4      | 1460 ||| Stepping randomly (stuck).
  1461 | D:4      | 1461 ||| Stepping randomly (stuck).
  1462 | D:4      | 1462 ||| Stepping randomly (stuck).
  1463 | D:4      | 1463 ||| Stepping randomly (stuck).
  1464 | D:4      | 1464 ||| Stepping randomly (stuck).
  1465 | D:4      | 1465 ||| Stepping randomly (stuck).
  1466 | D:4      | 1466 ||| Stepping randomly (stuck).
  1467 | D:4      | 1467 ||| Stepping randomly (stuck).
  1468 | D:4      | 1468 ||| Stepping randomly (stuck).
  1469 | D:4      | 1469 ||| Stepping randomly (stuck).
  1470 | D:4      | 1470 ||| Stepping randomly (stuck).
  1471 | D:4      | 1471 ||| Stepping randomly (stuck).
  1472 | D:4      | 1472 ||| Stepping randomly (stuck).
  1473 | D:4      | 1473 ||| Stepping randomly (stuck).
  1474 | D:4      | 1474 ||| Stepping randomly (stuck).
  1475 | D:4      | 1475 ||| Stepping randomly (stuck).
  1476 | D:4      | 1476 ||| Stepping randomly (stuck).
  1477 | D:4      | 1477 ||| Stepping randomly (stuck).
  1478 | D:4      | 1478 ||| Stepping randomly (stuck).
  1479 | D:4      | 1479 ||| Stepping randomly (stuck).
  1480 | D:4      | 1480 ||| Stepping randomly (stuck).
  1481 | D:4      | 1481 ||| Stepping randomly (stuck).
  1482 | D:4      | 1482 ||| Stepping randomly (stuck).
  1483 | D:4      | 1483 ||| Stepping randomly (stuck).
  1484 | D:4      | 1484 ||| Stepping randomly (stuck).
  1485 | D:4      | 1485 ||| Stepping randomly (stuck).
  1486 | D:4      | 1486 ||| Stepping randomly (stuck).
  1487 | D:4      | 1487 ||| Stepping randomly (stuck).
  1488 | D:4      | 1488 ||| Stepping randomly (stuck).
  1489 | D:4      | 1489 ||| Stepping randomly (stuck).
  1490 | D:4      | 1490 ||| Stepping randomly (stuck).
  1491 | D:4      | 1491 ||| Stepping randomly (stuck).
  1492 | D:4      | 1492 ||| Stepping randomly (stuck).
  1493 | D:4      | 1493 ||| Stepping randomly (stuck).
  1494 | D:4      | 1494 ||| Stepping randomly (stuck).
  1495 | D:4      | 1495 ||| Stepping randomly (stuck).
  1496 | D:4      | 1496 ||| Stepping randomly (stuck).
  1497 | D:4      | 1497 ||| Stepping randomly (stuck).
  1498 | D:4      | 1498 ||| Stepping randomly (stuck).
  1499 | D:4      | 1499 ||| Stepping randomly (stuck).
  1500 | D:4      | 1500 ||| Stepping randomly (stuck).
  1501 | D:4      | 1501 ||| Stepping randomly (stuck).
  1502 | D:4      | 1502 ||| Stepping randomly (stuck).
  1503 | D:4      | 1503 ||| Stepping randomly (stuck).
  1504 | D:4      | 1504 ||| Stepping randomly (stuck).
  1505 | D:4      | 1505 ||| Stepping randomly (stuck).
  1506 | D:4      | 1506 ||| Stepping randomly (stuck).
  1507 | D:4      | 1507 ||| Stepping randomly (stuck).
  1507 | D:4      | 1507 ||| RIP SEWER
  1508 | D:4      | 1508 ||| PLANNING D:1-11
  1541 | D:4      | Reached XP level 5. HP: 29/29 MP: 7/7
  1553 | D:4      | Found a shimmering altar of Xom.
  1556 | D:4      | 1556 ||| RETREEEEATING.
  1562 | D:4      | 1562 ||| RETREEEEATING.
  1563 | D:4      | 1563 ||| RETREEEEATING.
  1564 | D:4      | 1564 ||| RETREEEEATING.
  1565 | D:4      | 1565 ||| RETREEEEATING.
  1566 | D:4      | 1566 ||| RETREEEEATING.
  1567 | D:4      | 1567 ||| RETREEEEATING.
  1568 | D:4      | 1568 ||| RETREEEEATING.
  1569 | D:4      | 1569 ||| RETREEEEATING.
  1570 | D:4      | 1570 ||| RETREEEEATING.
  1571 | D:4      | 1571 ||| RETREEEEATING.
  1581 | D:4      | HP: 7/29 [gnoll/+0 club (8)]
  1598 | D:4      | Reached skill level 9 in Ranged Weapons
  1621 | D:4      | Reached XP level 6. HP: 13/35 MP: 8/8
  1940 | D:2      | Identified the +1 short sword "Kenkuffy" {venom, rCorr
                  | Dex-3 SInv Stlth+}
  2155 | D:2      | 2155 ||| READING scroll labelled ZEIXTOWIGU.
  2256 | D:2      | 2256 ||| READING scroll labelled YNISUTEHOU.
  2256 | D:2      | 2256 ||| IDENTIFYING glowing puce potion
  2290 | D:3      | Found an ancient bone altar of Kikubaaqudgha.
  2349 | D:3      | Found a hide-covered altar of Uskayaw.
  2368 | D:3      | Noticed Robin
  2374 | D:3      | Reached skill level 10 in Ranged Weapons
  2381 | D:3      | Killed Robin
  2381 | D:3      | HP: 6/35 [hobgoblin[Robin] (3)]
  2382 | D:3      | HP: 1/35 [hobgoblin[Robin] (6)]
  2382 | D:3      | Slain by a goblin

Levels and vault maps discovered:
D:1:      psy_arrival_conway, layout_basic
D:2:      layout_rooms, minmay_cupped, uniq_terence
D:3:      minmay_diamond_boxcup, layout_rooms, nicolae_uskayaw_dance_hall,
          lemuel_round_altar, nicolae_eternal_life, st_stairs_3, uniq_robin
D:4:      layout_gridville, led_xom_imps, mainiacjoe_overflow_brackets,
          kennysheep_little_box, serial_shops, nicolae_shop_tiny_waterfront,
          gup_sewer_entry_bubbles

Skill      XL: |  1  2  3  4  5  6 |
---------------+-------------------+-----
Ranged Weapons | 6 7 8 9 10 | 10.0
Fighting       | 2 |  2.1
Dodging        | |  2.6
Stealth        | |  1.2

Action                     |  1- 3 |  4- 6 || total
---------------------------+-------+-------++-------
   Fire: Shortbow          |    76 |   196 ||   272
    Use: Scroll            |       |     5 ||     5
 Armour: Leather armour    |     5 |       ||     5
         Ring mail         |     5 |    75 ||    80
  Dodge: Dodged            |    21 |    71 ||    92

Table legend:
 A = Non-vault XP
 B = Vault XP
 C = Vault XP percentage of total XP
 D = Non-vault monster count
 E = Vault monster count
 F = Vault count percentage of total count
                 A         B        C        D         E       F
            +---------+---------+-------+---------+---------+-------
      Total |     278 |     279 |  50.1 |      55 |      22 |  28.6
            +---------+---------+-------+---------+---------+-------
        D:1 |      33 |       0 |   0.0 |      20 |       0 |   0.0
        D:2 |      64 |      43 |  40.2 |      20 |       4 |  16.7
        D:3 |      42 |      28 |  40.0 |       5 |       8 |  61.5
        D:4 |     139 |     208 |  59.9 |      10 |      10 |  50.0
            +---------+---------+-------+---------+---------+-------
